 Dungeon Crawl Stone Soup version 0.22-a0-601-gb0ed703 (webtiles) character file.

181 sking99 the Poker (level 5, -1/42 HPs)
             Began as a Demonspawn Monk on July 6, 2018.
             Succumbed to an orc wizard's poison
             ... on level 4 of the Dungeon.
             The game lasted 00:07:53 (4067 turns).

sking99 the Poker (Demonspawn Monk)                 Turns: 4067, Time: 00:07:53

Health: -1/42      AC:  7    Str: 11    XL:     5   Next: 34%
Magic:  4/4        EV: 11    Int: 12    God:
Gold:   223        SH:  0    Dex: 16    Spells: 4/4 levels left

rFire    . . .     SeeInvis .   n - +0 halberd
rCold    . . .     Gourm    .   (shield currently unavailable)
rNeg     . . .     Faith    .   g - +0 ring mail
rPois    .         Spirit   .   (no helmet)
rElec    .         Reflect  .   (no cloak)
rCorr    .         Harm     .   r - +1 pair of gloves
MR       .....                  (no boots)
Stlth    +.........             (no amulet)
HPRegen  0.14/turn              (no ring)
MPRegen  0.09/turn              (no ring)

@: lethally poisoned (-1 -> -23), slowed, very slow
A: low mp 1, powered by death 1, wild magic 1, MP-powered wands
a: no special abilities


You were on level 4 of the Dungeon.
You were not hungry.

You visited 1 branch of the dungeon, and saw 4 of its levels.

You collected 223 gold pieces.

Inventory:

Hand Weapons
 a - a +0 spear
 n - a +0 halberd (weapon)
Armour
 b - a +0 robe
 g - a +0 ring mail (worn)
 r - a +1 pair of gloves (worn)
Magical Staves
 y - a cursed staff of power
Jewellery
 i - a cursed amulet of the acrobat
Scrolls
 d - 5 scrolls of teleportation
 x - a scroll of fear
Potions
 e - 2 potions of agility
 j - a potion of magic {unknown}
 m - a potion of resistance {unknown}
 o - a potion of flight {unknown}
 p - a potion of might {unknown}
 s - a potion of berserk rage {unknown}
 t - a potion of haste {unknown}
 w - a potion of heal wounds {unknown}
Comestibles
 c - 4 rations
 z - a chunk of flesh


   Skills:
 + Level 4.2 Fighting
 * Level 4.8 Polearms
 - Level 2.6 Dodging
 - Level 1.7 Stealth


You had 4 spell levels left.
You didn't know any spells.
Your spell library was empty.

Dungeon Overview and Level Annotations

Branches:
Dungeon (4/15)
 Temple: D:4-7

Altars:
Cheibriados
Fedhas
Hepliaklqana
Kikubaaqudgha
Ru
Uskayaw
Yredelemnul

Annotations:
D:2 2 transporters, Menkaure


Innate Abilities, Weirdness & Mutations

You regenerate a little health from kills.
Your magical capacity is low. (-10% MP)
Your spells are a little harder to cast, but a little more powerful.
You expend magic power (3 MP) to strengthen your wands.


Message History

The magic dart hits you!
* * * LOW HITPOINT WARNING * * *
The giant cockroach barely misses you.
You puncture the giant cockroach!
You kill the giant cockroach!
You feel sick.
You closely miss the orc wizard.
The orc wizard is moderately wounded.
* * * LOW HITPOINT WARNING * * *
You feel sick.
The orc wizard hits you but does no damage.
You are more poisoned.
The orc wizard hits you with a dagger of venom.
* * * LOW HITPOINT WARNING * * *
You are more poisoned.
It was a potion of mutation.
You feel extremely strange.
You feel less energetic.
You feel your magical essence link to your wands.
You feel less in control of your magic.
You die...

*,* *,*,****** #...# #.#
*,***>*,* ###.### #.# *,,,,,,,*
#.....# #.. ****#######**
#.#.#(# ### ,,,,.......,*
##.#.#.# ,,,*...#...###
#......## ,,,,.........#
#.......#
,,,*...#...#.#######..#.#..#
,,,,......).(.oo@..........#****
****##########(#####.##.#....,,*
#.# #.##.#.####,* #.# #.....,#
*,* #.# ####.##* *,**
#.#*****,,,,,* *,,,
#..,,,**,,,,,* ***,
###**,**,,,,,* *, *,**,,,,,* *,


You could see an orc wizard and an orc.

Vanquished Creatures
  A jelly (D:3)
  An orc priest (D:4)
  4 gnolls
  3 adders
  A worm (D:2)
  A leopard gecko (D:4)
  3 giant cockroaches
  10 hobgoblins
  2 jackals (D:2)
  4 quokkas
  2 ball pythons (D:2)
  A bat (D:1)
  4 frilled lizards
  5 goblins
  6 kobolds
  6 rats
54 creatures vanquished.

Notes
Turn   | Place    | Note
-------+----------+-------------------------------------------
     0 | D:1      | sking99 the Demonspawn Monk began the quest for the Orb.
     0 | D:1      | Reached XP level 1. HP: 18/18 MP: 1/1
   598 | D:1      | Gained mutation: You regenerate a little health from kills. [demonic ancestry]
   598 | D:1      | Reached XP level 2. HP: 23/24 MP: 2/2
  1514 | D:2      | Found a transporter.
  1516 | D:2      | Noticed a wight
  1517 | D:2      | Found a transporter.
  1539 | D:2      | Found a hazy altar of Hepliaklqana.
  1561 | D:2      | Reached XP level 3. HP: 18/29 MP: 3/3
  1633 | D:2      | Found a basalt altar of Yredelemnul.
  1637 | D:2      | Noticed Menkaure
  1654 | D:2      | Found an ancient bone altar of Kikubaaqudgha.
  2204 | D:2      | Found a blossoming altar of Fedhas.
  2686 | D:2      | Reached XP level 4. HP: 37/37 MP: 4/4
  3557 | D:3      | Reached XP level 5. HP: 24/42 MP: 5/5
  3729 | D:3      | Found a sacrificial altar of Ru.
  3946 | D:4      | Found a snail-covered altar of Cheibriados.
  3950 | D:4      | Found a hide-covered altar of Uskayaw.
  4066 | D:4      | HP: 1/42 [orc wizard/dagger of venom (2)]
  4067 | D:4      | Gained mutation: Your magical capacity is low. (-10% MP) [potion of mutation]
  4067 | D:4      | Gained mutation: You expend magic power (3 MP) to strengthen your wands. [potion of mutation]
  4067 | D:4      | Gained mutation: Your spells are a little harder to cast, but a little more powerful. [potion of mutation]
  4067 | D:4      | Succumbed to an orc wizard's poison

Vault maps used:
D:1:      dpeg_arrival_triangle_fractal, minmay_crystal_water,
          minmay_statues_item
D:2:      gammafunk_temple_of_torment, fedhas_altar_2, lemuel_round_altar,
          first_ration
D:3:      marbit_many_paths
D:4:      grunt_temple_overflow_open, lemuel_coloured_pillars_altar

Skill      XL: |  1  2  3  4 |
---------------+-------------+-----
Polearms       | 3 4 |  4.8
Fighting       | 4 |  4.2
Dodging        | |  2.6
Stealth        | |  1.7

Action                   |  1- 3 |  4- 6 || total
-------------------------+-------+-------++-------
Melee: Spear             |   197 |    29 ||   226
       Halberd           |       |    48 ||    48
  Use: Scroll            |       |     9 ||     9
       Potion            |       |     1 ||     1
 Stab: Sleeping          |     6 |       ||     6
  Eat: Chunk             |     6 |     1 ||     7
       Ration            |       |     1 ||     1
Armor: Ring mail         |    40 |    22 ||    62
Dodge: Dodged            |    79 |    48 ||   127

Table legend:
 A = Spawn XP
 B = Non-spawn XP
 C = Spawn XP percentage of total XP
 D = Spawn monster count
 E = Non-spawn monster count
 F = Spawn count percentage of total count
 G = Total turns spent on level
                    A         B        C        D         E        F      G
               +---------+---------+-------+---------+---------+-------+---------
         Total |       0 |     259 |   0.0 |       0 |      54 |   0.0 |  4067
               +---------+---------+-------+---------+---------+-------+---------
           D:1 |       0 |      27 |   0.0 |       0 |      17 |   0.0 |  1514
           D:2 |       0 |      92 |   0.0 |       0 |      19 |   0.0 |  1403
           D:3 |       0 |      92 |   0.0 |       0 |      14 |   0.0 |   997
           D:4 |       0 |      48 |   0.0 |       0 |       4 |   0.0 |   153
               +---------+---------+-------+---------+---------+-------+---------
